 Dungeon Crawl Stone Soup version 0.23.1 (webtiles) character file.

Game seed: 5289485447505272784

113 Kairos the Sneak (level 4, 0/23 HPs)
             Began as a Vine Stalker Assassin on Mar 17, 2019.
             Succumbed to a kobold's poison
             ... on level 3 of the Dungeon.
             The game lasted 00:03:22 (1679 turns).

Kairos the Sneak (Vine Stalker Assassin)            Turns: 1679, Time: 00:03:22

Health: 0/23       AC: 10    Str: 11 (13) XL:     4   Next: 96%
Magic:  5/5        EV: 10    Int:  8 (11) God:
Gold:   118        SH:  0    Dex: 14 (17) Spells: 3/3 levels left

rFire    . . .     SeeInvis .   a - +2 dagger
rCold    . . .     Gourm    .   (no shield)
rNeg     . . .     Faith    +   m - +0 ring mail
rPois    .         Spirit   +   h - +0 helmet
rElec    .         Reflect  .   d - +0 cloak
rCorr    +         Harm     .   (no gloves)
MR       .....     Clarity  +   p - +0 pair of boots
Stlth    +++.......             w - amulet of faith
HPRegen  0.47/turn              n - ring of resist corrosion
MPRegen  0.09/turn              (no ring)

@: lethally poisoned (0 -> -4)
A: fangs 2, slimy green scales 1, clarity, regeneration 1, magic shield,
antimagic bite, no potion heal 3, rot immunity
a: no special abilities


You were on level 3 of the Dungeon.
You were hungry.

You visited 1 branch of the dungeon, and saw 3 of its levels.

You collected 118 gold pieces.

Inventory:

Hand Weapons
 a - a +2 dagger (weapon)
 b - a +0 blowgun
Missiles
 e - 24 poisoned needles
 f - 2 curare-tipped needles
 u - 6 tomahawks (quivered)
Armour
 d - a +0 cloak (worn)
 h - a +0 helmet (worn)
 m - a +0 ring mail (worn)
 p - a +0 pair of boots (worn)
Jewellery
 n - a ring of resist corrosion (left hand)
 w - an amulet of faith (around neck)
Wands
 v - a wand of flame (22)
Scrolls
 i - a scroll of remove curse
 j - 2 scrolls of immolation {unknown}
 l - 3 scrolls of fog
 o - 2 scrolls of enchant armour {unknown}
 r - a scroll of teleportation {unknown}
 s - a scroll of noise {unknown}
Potions
 q - a potion of degeneration
 t - a potion of might
Comestibles
 g - 4 rations


   Skills:
 + Level 2.1 Fighting
 + Level 2.6 Short Blades
 + Level 2.1 Throwing
 + Level 0.5 Armour
 + Level 1.1 Dodging
 + Level 6.3 Stealth


You had 3 spell levels left.
You didn't know any spells.
Your spell library was empty.

Dungeon Overview and Level Annotations

Branches:
Dungeon (3/15)

Altars:
Nemelex Xobeh

Annotations:
D:3 Terence


Innate Abilities, Weirdness & Mutations

You have extremely sharp teeth.
Your natural rate of healing is unusually fast.
When hurt, damage is shared between your health and your magic reserves.
Your bite disrupts and absorbs the magic of your enemies.
Potions cannot restore your health.
You are immune to rotting.
You are partially covered in slimy green scales. (AC +2)
You possess an exceptional clarity of mind.


Message History

* * * LOW HITPOINT WARNING * * *
It was a potion of might.
You feel very mighty all of a sudden.
* * * LOW HITPOINT WARNING * * *
You feel sick. Terence says, "How do you enjoy it?" Terence closely misses you.
The kobold hits you but does no damage.
The kobold unwields a +0 blowgun.
The kobold wields a +0 club.
The kobold hits you but does no damage.
It was a potion of cancellation.
Your magical effects are unravelling.
You feel magically purged.
You feel a little less mighty now.
* * * LOW HITPOINT WARNING * * *
You feel sick. The goblin closely misses you. Terence hits you with a +0 flail.
* * * LOW HITPOINT WARNING * * *
The kobold hits you but does no damage.
Okay, then.
Magic courses through your body.
You die...

## ### #..#.### ##.
.# ############....#
## .#
..............##.#..#
.#
..............##.#..#
##
..............##.##.#
##
..............##.##.#
..
..............'..##.#
#
..........g.(.#####.#
........(.K@..# #.#
....?..(..@K..# #.#
..###.....(...# #.#
#......(..#
......#######
........ ###
..........
..#...........
..#..........##


You could see Terence, a goblin and 2 kobolds.

Vanquished Creatures
  4 adders
  A worm (D:2)
  2 dart slugs
  4 leopard geckos
  4 giant cockroaches
  9 goblins
  6 hobgoblins
  7 kobolds
  A quokka (D:2)
  4 ball pythons
  10 bats
  6 frilled lizards
  6 rats
64 creatures vanquished.

Notes
Turn   | Place    | Note
-------+----------+-------------------------------------------
     0 | D:1      | Kairos the Vine Stalker Assassin began the quest for the
                  | Orb.
     0 | D:1      | Reached XP level 1. HP: 11/11 MP: 2/2
    31 | D:1      | Reached skill level 5 in Stealth
    34 | D:1      | Reached XP level 2. HP: 15/15 MP: 3/3
   546 | D:1      | Reached XP level 3. HP: 18/18 MP: 4/4
   684 | D:1      | Gained mutation: You possess an exceptional clarity of
                  | mind. [potion of mutation]
   684 | D:1      | Gained mutation: You are partially covered in slimy green
                  | scales. (AC +2) [potion of mutation]
   961 | D:2      | Gained mutation: Your natural rate of healing is unusually
                  | fast. [Vine Stalker growth]
   961 | D:2      | Reached XP level 4. HP: 18/23 MP: 3/5
   978 | D:2      | Reached skill level 6 in Stealth
  1220 | D:2      | Reached skill level 1 in Dodging
  1551 | D:3      | Found a sparkling altar of Nemelex Xobeh.
  1660 | D:3      | Noticed Terence
  1678 | D:3      | HP: 1/23 [Terence/+0 flail (1)]
  1679 | D:3      | Succumbed to a kobold's poison

Skill      XL: |  1  2  3  4 |
---------------+-------------+-----
Stealth        | 5 6 |  6.3
Throwing       | 2 |  2.1
Short Blades   | 2 |  2.6
Fighting       | 2 |  2.1
Dodging        | 1 |  1.1
Armour         | |  0.5

Action                   |  1- 3 |  4- 6 || total
-------------------------+-------+-------++-------
Melee: Dagger            |    99 |    51 ||   150
       Bite              |    18 |    11 ||    29
  Use: Scroll            |     2 |     2 ||     4
       Potion            |     1 |     4 ||     5
 Stab: Sleeping          |    12 |     8 ||    20
  Eat: Chunk             |       |     2 ||     2
Armor: Robe              |    12 |       ||    12
       Ring mail         |    28 |    16 ||    44
Dodge: Dodged            |    33 |    25 ||    58
